 Dungeon Crawl Stone Soup version 0.23.0-3-gf3c87f2 (webtiles) character file.

Game seed: 2124311267274843502

372 wolfsongas the Magician (level 6, -1/47 HPs)
             Began as a Gnoll Wanderer on Feb 23, 2019.
             Slain by a gnoll (5 damage)
             ... on level 3 of the Dungeon.
             The game lasted 00:05:02 (2835 turns).

wolfsongas the Magician (Gnoll Wanderer)            Turns: 2835, Time: 00:05:03

Health: -1/47      AC:  5    Str: 16      XL:     6   Next: 71%
Magic:  16/16      EV: 12    Int: 15 (16) God:
Gold:   110        SH:  0    Dex: 15      Spells: 18/19 levels left

rFire    . . .     SeeInvis .   g - +3 whip (vamp)
rCold    . . .     Gourm    .   (no shield)
rNeg     . . .     Faith    .   j - +0 leather armour
rPois    +         Spirit   .   (no helmet)
rElec    .         Reflect  .   (no cloak)
rCorr    .         Harm     .   (no gloves)
MR       +....                  n - +0 pair of boots
Stlth    ++........             m - amulet of magic regeneration
HPRegen  0.15/turn              l - ring of protection from magic
MPRegen  0.40/turn              h - ring of poison resistance

@: no status effects
A: distributed training, fangs 1, thin metallic scales 1, clever 1, deformed
body, deterioration 1, strong nose
a: no special abilities


You were on level 3 of the Dungeon.
You were very hungry.

You visited 1 branch of the dungeon, and saw 3 of its levels.
You also visited: Sewer.

You collected 110 gold pieces.

Inventory:

Hand Weapons
 a - a +2 hand axe
 g - a +3 vampiric whip (weapon)
 i - a +1 dagger of venom
Armour
 d - a +0 robe
 j - a +0 leather armour (worn)
 n - a +0 pair of boots (worn)
Jewellery
 h - a ring of poison resistance (right hand)
 l - a ring of protection from magic (left hand)
 m - an amulet of magic regeneration (around neck)
Wands
 c - a wand of random effects (15)
Scrolls
 b - 2 scrolls of blinking
 e - a scroll of teleportation
Potions
 k - a potion of heal wounds
 p - a potion of curing
 q - 3 potions of flight
 r - a potion of might
Comestibles
 f - 3 rations


   Skills:
 + Level 3.3 Fighting
 + Level 2.0 Short Blades
 + Level 2.0 Long Blades
 + Level 3.3 Axes
 + Level 2.0 Maces & Flails
 + Level 2.0 Polearms
 + Level 2.0 Staves
 + Level 2.0 Slings
 + Level 2.0 Bows
 + Level 2.0 Crossbows
 + Level 2.0 Throwing
 + Level 3.3 Armour
 + Level 2.0 Dodging
 + Level 3.1 Stealth
 + Level 2.0 Shields
 + Level 2.0 Unarmed Combat
 + Level 7.4 Spellcasting
 + Level 1.6 Conjurations
 + Level 1.6 Hexes
 + Level 2.7 Charms
 + Level 1.6 Summonings
 + Level 1.6 Necromancy
 + Level 2.7 Translocations
 + Level 1.6 Transmutations
 + Level 1.6 Fire Magic
 + Level 1.6 Ice Magic
 + Level 1.6 Air Magic
 + Level 1.6 Earth Magic
 + Level 1.6 Poison Magic
 + Level 2.2 Invocations
 + Level 3.3 Evocations


You had 18 spell levels left.
You knew the following spells:

 Your Spells              Type           Power        Failure   Level  Hunger
a - Summon Small Mammal   Summ           ##..         8%          1    None

Your spell library contained the following spells:

 Spells                   Type           Power        Failure   Level  Hunger
 Summon Guardian Golem    Hex/Summ       ##......     22%         3    ##.....


Dungeon Overview and Level Annotations

Branches:
Dungeon (3/15)

Altars:
Gozag
Zin


Innate Abilities, Weirdness & Mutations

Your experience applies equally to all skills.
You have very sharp teeth.
Your uncanny sense of smell can sniff out nearby items.
You are partially covered in thin metallic scales. (AC +2)
Your mind is acute. (Int +2)
Armour fits poorly on your strangely shaped body.
Your body sometimes deteriorates upon taking damage.


Message History

You kill the gnoll!
You barely miss the gnoll. The gnoll hits you.
* * * LOW HITPOINT WARNING * * *
You hit the gnoll but do no damage. The gnoll closely misses you.
You hit the gnoll.
The gnoll is lightly wounded.
The gnoll hits you.
* * * LOW HITPOINT WARNING * * *
You hit the gnoll.
You feel better.
The gnoll is moderately wounded.
The gnoll hits you.
* * * LOW HITPOINT WARNING * * *
You barely miss the gnoll. You bite the gnoll, but do no damage.
The gnoll is moderately wounded.
The gnoll hits you.
* * * LOW HITPOINT WARNING * * *
You hit the gnoll.
You feel better.
You bite the gnoll.
The gnoll is heavily wounded.
The gnoll hits you.
You die...

########## ###########
.........# #.........# ##
.........######.......).###.
.$.......lg@..........).....
.........######.........###.
##.####### #.........# #.
#(........# #. ###########
#. ∆ #. #. #. ∆ ##


You could see a gnoll and a frilled lizard.

Vanquished Creatures
  A centaur (D:3)
  A big kobold (Sewer)
  Jessica (D:2)
  Natasha (thrice) (D:2)
  2 gnolls (D:3)
  A river rat (Sewer)
  3 adders
  2 worms
  2 dart slugs
  A leopard gecko (D:2)
  6 ball pythons
  2 giant cockroaches
  4 hobgoblins
  4 jackals
  13 kobolds
  6 bats
  3 frilled lizards (D:2)
  7 goblins
  4 rats
66 creatures vanquished.

Vanquished Creatures (collateral kills)
  3 goblins (D:1)
3 creatures vanquished.

Vanquished Creatures (others)
  A hobgoblin (D:3)
  A kobold (D:3)
2 creatures vanquished.

Grand Total: 71 creatures vanquished

Notes
Turn   | Place    | Note
-------+----------+-------------------------------------------
     0 | D:1      | wolfsongas the Gnoll Wanderer began the quest for the Orb.
     0 | D:1      | wolfsongas set off with the following items: a +2 hand axe,
                  | a wand of random effects (15), a +0 robe, a ration; and the
                  | following spell memorised: Summon Small Mammal; and the
                  | following spells available to memorise: Summon Guardian
                  | Golem
     0 | D:1      | Reached XP level 1. HP: 17/17 MP: 8/8
   221 | D:1      | Reached XP level 2. HP: 23/23 MP: 10/10
   971 | D:1      | Reached XP level 3. HP: 28/28 MP: 11/11
  1145 | D:2      | Noticed Natasha
  1155 | D:2      | Killed Natasha
  1155 | D:2      | Reached skill level 1 in Short Blades
  1155 | D:2      | Reached skill level 1 in Long Blades
  1155 | D:2      | Reached skill level 1 in Maces & Flails
  1155 | D:2      | Reached skill level 1 in Polearms
  1155 | D:2      | Reached skill level 1 in Staves
  1155 | D:2      | Reached skill level 1 in Slings
  1155 | D:2      | Reached skill level 1 in Bows
  1155 | D:2      | Reached skill level 1 in Crossbows
  1155 | D:2      | Reached skill level 1 in Throwing
  1155 | D:2      | Reached skill level 1 in Dodging
  1155 | D:2      | Reached skill level 1 in Shields
  1155 | D:2      | Reached skill level 1 in Unarmed Combat
  1155 | D:2      | Reached skill level 1 in Invocations
  1269 | D:2      | Noticed Natasha
  1304 | D:2      | Reached XP level 4. HP: 29/34 MP: 13/13
  1317 | D:2      | Killed Natasha
  1331 | D:2      | Reached skill level 1 in Conjurations
  1331 | D:2      | Reached skill level 1 in Hexes
  1331 | D:2      | Reached skill level 1 in Summonings
  1331 | D:2      | Reached skill level 1 in Necromancy
  1331 | D:2      | Reached skill level 1 in Transmutations
  1331 | D:2      | Reached skill level 1 in Fire Magic
  1331 | D:2      | Reached skill level 1 in Ice Magic
  1331 | D:2      | Reached skill level 1 in Air Magic
  1331 | D:2      | Reached skill level 1 in Earth Magic
  1331 | D:2      | Reached skill level 1 in Poison Magic
  1398 | D:2      | Noticed Jessica
  1402 | D:2      | Killed Jessica
  1402 | D:2      | Reached XP level 5. HP: 34/40 MP: 14/14
  1542 | D:2      | Noticed Natasha
  1560 | D:2      | Killed Natasha
  1589 | D:2      | Gained mutation: Your body sometimes deteriorates upon
                  | taking damage. [potion of mutation]
  1589 | D:2      | Gained mutation: You are partially covered in thin metallic
                  | scales. (AC +2) [potion of mutation]
  1589 | D:2      | Gained mutation: Armour fits poorly on your strangely
                  | shaped body. [potion of mutation]
  1589 | D:2      | Gained mutation: Your mind is acute. (Int +2) [potion of
                  | mutation]
  1779 | D:2      | Found a glowing silver altar of Zin.
  1780 | D:2      | Found an opulent altar of Gozag.
  2096 | D:3      | Found a glowing drain.
  2120 | D:3      | Noticed a centaur
  2123 | Sewer    | Entered a sewer
  2428 | Sewer    | Noticed a big kobold
  2452 | Sewer    | Killed a big kobold
  2452 | Sewer    | Reached XP level 6. HP: 10/47 MP: 16/16
  2682 | Sewer    | Found a white marble altar of Elyvilon.
  2835 | D:3      | Slain by a gnoll

Skill      XL: |  1  2  3  4  5  6 |
---------------+-------------------+-----
Charms         | 2 |  2.7
Translocations | 2 |  2.7
Short Blades   | 1 2 |  2.0
Long Blades    | 1 2 |  2.0
Maces & Flails | 1 2 |  2.0
Polearms       | 1 2 |  2.0
Staves         | 1 2 |  2.0
Slings         | 1 2 |  2.0
Bows           | 1 2 |  2.0
Crossbows      | 1 2 |  2.0
Throwing       | 1 2 |  2.0
Dodging        | 1 2 |  2.0
Shields        | 1 2 |  2.0
Unarmed Combat | 1 2 |  2.0
Invocations    | 1 2 |  2.2
Conjurations   | 1 |  1.6
Hexes          | 1 |  1.6
Summonings     | 1 |  1.6
Necromancy     | 1 |  1.6
Transmutations | 1 |  1.6
Fire Magic     | 1 |  1.6
Ice Magic      | 1 |  1.6
Air Magic      | 1 |  1.6
Earth Magic    | 1 |  1.6
Poison Magic   | 1 |  1.6
Fighting       | 3 |  3.3
Axes           | 3 |  3.3
Armour         | 3 |  3.3
Evocations     | 3 |  3.3
Stealth        | 3 |  3.1
Spellcasting   | |  7.4

Action                   |  1- 3 |  4- 6 || total
-------------------------+-------+-------++-------
Melee: Hand axe          |     8 |       ||     8
       Whip              |    59 |   192 ||   251
       Bite              |     5 |    18 ||    23
       Punch             |       |     1 ||     1
 Cast: Summon Small Mamm |     3 |       ||     3
  Use: Scroll            |     7 |     6 ||    13
       Potion            |       |     7 ||     7
 Stab: Sleeping          |     3 |     2 ||     5
  Eat: Ration            |     2 |       ||     2
       Chunk             |       |     3 ||     3
Armor: Robe              |     2 |       ||     2
       Leather armour    |    13 |    76 ||    89
Dodge: Dodged            |    47 |   184 ||   231
